 Dungeon Crawl Stone Soup version 0.30-a0-190-g22c9a3c0ff (webtiles) character file.

Game seed: 7711892365152341156

122 Morbidden the Shooter (level 5, -3/39 HPs)
             Began as a Formicid Hunter on Oct 4, 2022.
             Killed by divine providence
             ... invoked by an orc priest
              (8 damage)
             ... on level 3 of the Dungeon.
             The game lasted 00:01:58 (2240 turns).

Morbidden the Shooter (Formicid Hunter)             Turns: 2240, Time: 00:01:59

Health: -3/39      AC:  3    Str: 16    XL:     5   Next: 27%
Magic:  5/5        EV: 12    Int:  8    God:
Gold:   169        SH:  0    Dex: 19    Spells: 4/4 levels left

rFire   . . .      SeeInvis +    b - +4 dagger
rCold   . . .      Faith    .    (no shield)
rNeg    . . .      Spirit   .    c - +0 leather armour
rPois   .          Reflect  .    (helmet unavailable)
rElec   .          Harm     .    (no cloak)
rCorr   .          Rampage  .    (no gloves)
Will    .....                    (no boots)
Stlth   ++........               (no amulet)
HPRegen 0.26/turn                (no ring)
MPRegen 0.09/turn                (no ring)

@: no status effects
A: permanent stasis, dig shafts and tunnels, antennae 3, four strong arms
a: Dig, Shaft Self


You were on level 3 of the Dungeon.
You visited 1 branch of the dungeon, and saw 3 of its levels.

You collected 169 gold pieces.

Inventory:

Hand Weapons
 a - a +0 shortbow
 b - a +4 dagger (weapon)
Missiles
 p - 3 poisoned darts
Armour
 c - a +0 leather armour (worn)
Wands
 o - a wand of digging (7)
Scrolls
 d - a scroll of summoning {unknown}
 g - a scroll of immolation
 h - a scroll of vulnerability {unknown}
 l - a scroll of fog {unknown}
 m - 2 scrolls of identify {unknown}
 n - a scroll of teleportation {unknown}
 q - a scroll of torment {unknown}
Potions
 e - a potion of flight {unknown}
 f - 4 potions of curing {unknown}
 i - 2 potions of brilliance {unknown}
 j - a potion of lignification {unknown}
 k - a potion of ambrosia {unknown}


   Skills:
 * Level 2.7 Fighting
 * Level 1.1 Short Blades
 * Level 5.2 Ranged Weapons
 * Level 1.4 Armour
 * Level 2.1 Dodging
 + Level 1.2 Stealth
 * Level 0.3 Spellcasting


You had 4 spell levels left.
You didn't know any spells.
Your spell library contained the following spells:

 Spells                   Type           Power      Damage    Failure   Level
 Static Discharge         Conj/Air       0%         2-2/arc   61%         2
 Ignite Poison            Fire/Tmut/Pois 0%         N/A       83%         3
 Kindle Blastsparks       Fire/Tloc/Air  0%         2d10      83%         3
 Mephitic Cloud           Conj/Pois/Air  0%         N/A       83%         3
 Vhi's Electric Charge    Tloc/Air       0%         N/A       83%         3
 Arcjolt                  Conj/Air       0%         1d10      100%        5
 Freezing Cloud           Conj/Ice/Air   0%         6-21      100%        5
 Lightning Bolt           Conj/Air       0%         1d11      100%        5
 Maxwell's Capacitive Co  Air            0%         ∞         100%        8


Dungeon Overview and Level Annotations

Branches:
Dungeon (3/15)

Altars:
Ru

Shops:
D:1 *   D:3 !


Innate Abilities, Weirdness & Mutations

You cannot be hasted, slowed, berserked, paralysed or teleported.
You can dig through walls and to a lower floor.
You have a pair of large antennae on your head. (SInv)
Your four strong arms can wield two-handed weapons with a shield.


Message History

The orc priest hits you with a +0 club.
An orc comes into view. It is wielding a +0 short sword.
There are monsters nearby!
You shoot an arrow. The arrow closely misses the orc.
You shoot an arrow. The arrow hits the orc.
The orc is lightly wounded.
The orc hits you with a +0 flail!
You shoot an arrow. The arrow barely misses the orc.
The orc hits you with a +0 flail.
The orc priest calls upon Beogh to heal the orc.
The orc's wounds heal themselves!
The orc barely misses you.
The orc priest looks satisfied for a moment.
You shoot an arrow. The arrow closely misses the orc.
The orc hits you with a +0 flail.
You shoot an arrow. The arrow hits the orc!
You kill the orc!
Unknown command.
b - a +4 dagger (weapon)
The orc priest begins to cast a cantrip, but forgets the words!
Unknown command.
You hit the orc priest but do no damage.
The orc priest is severely wounded.
The orc priest hits you with a +0 club.
Unknown command.
The orc barely misses you.
Unknown command.
You hit the orc priest.
The orc priest is almost dead.
Unknown command.
You closely miss the orc priest.
The orc priest is almost dead.
The orc priest invokes the aid of Beogh against you.
Beogh smites you!
* * * LOW HITPOINT WARNING * * *
The orc hits you but does no damage.
You closely miss the orc priest.
The orc priest is almost dead.
The orc priest invokes the aid of Beogh against you.
Beogh smites you!
You die...

#######.....#
#.###...#.#
##..###
#(##......#
#..#
#.##.######
#..### #.##.#
#....# #.##.#
##.#.# #.##.#
#.#.# #.##.#
#.#.####o##.#
#.#...[@#...#
#...####o##.#
###.# o# #
#.# .# ## #.#
.# .. #.# ..
## #.# ## ##
#.# .. ..


You could see an orc priest and 2 orcs.

Vanquished Creatures
  Ijyb (D:3)
  Jessica (D:2)
  2 adders (D:2)
  A worm (D:3)
  2 dart slugs (D:2)
  2 orcs (D:3)
  6 ball pythons
  2 endoplasms (D:1)
  5 hobgoblins
  4 kobolds
  5 quokkas
  3 bats (D:1)
  2 frilled lizards (D:1)
  2 goblins (D:1)
  6 rats
44 creatures vanquished.

Notes
Turn   | Place    | Note
-------+----------+-------------------------------------------
     0 | D:1      | Morbidden the Formicid Hunter began the quest for the Orb.
     0 | D:1      | Reached XP level 1. HP: 16/16 MP: 1/1
    86 | D:1      | Reached XP level 2. HP: 16/22 MP: 2/2
   456 | D:1      | Found Filekug's General Store.
   508 | D:1      | Reached XP level 3. HP: 28/28 MP: 3/3
  1112 | D:2      | Noticed Jessica
  1118 | D:2      | Killed Jessica
  1119 | D:2      | Reached skill level 1 in Armour
  1119 | D:2      | Reached XP level 4. HP: 34/34 MP: 4/4
  1278 | D:2      | Reached skill level 5 in Ranged Weapons
  1789 | D:3      | Reached skill level 1 in Short Blades
  1833 | D:3      | Found a faded altar of an unknown god.
  1880 | D:3      | Found Kotaocs's Distillery.
  1945 | D:3      | Noticed Ijyb
  1957 | D:3      | Killed Ijyb
  1958 | D:3      | Reached XP level 5. HP: 32/39 MP: 5/5
  2006 | D:3      | Found a sacrificial altar of Ru.
  2240 | D:3      | Killed from afar by an orc priest

Illustrated notes

Levels and vault maps discovered:
D:1:      minmay_arrival_semitransparent, layout_loops_cross, serial_shops,
          shop, amethyst_killhole, wad_woods_river_04,
          dreamdust_princess_corridor, minmay_pentomino_x4
D:2:      layout_basic, uniq_jessica
D:3:      layout_loops_ring, mainiacjoe_overflow_big_doors,
          shapermc_ecumenical_altar_totnotflames, serial_shops, shop,
          item_on_display_a, uniq_ijyb

Skill      XL: |  1  2  3  4 |
---------------+-------------+-----
Dodging        | 2 |  2.1
Armour         | 1 |  1.4
Ranged Weapons | 5 |  5.2
Short Blades   | 1 |  1.1
Fighting       | |  2.7
Stealth        | |  1.2
Spellcasting   | |  0.3

Action                   |  1- 3 |  4- 6 || total
-------------------------+-------+-------++-------
Melee: Dagger            |       |     4 ||     4
 Fire: Shortbow          |    60 |    60 ||   120
Armor: Leather armour    |     5 |     1 ||     6
Dodge: Dodged            |    17 |    18 ||    35

Table legend: (Time is in decaauts)
 A = Elapsed time spent in this place.
 B = Non-inter-level travel time spent in this place.
 C = Inter-level travel time spent in this place.
 D = Time resting spent in this place.
 E = Time spent auto-exploring this place.
 F = Levels seen in this place.
 G = Mean time per level.
                   A        B        C        D        E       F      G
               +--------+--------+--------+--------+--------+-----+--------+
         Total |   2290 |   2205 |     85 |      0 |   1931 |   3 |  763.3 |
       Dungeon |   2290 |   2205 |     85 |      0 |   1931 |   3 |  763.3 |
               +--------+--------+--------+--------+--------+-----+--------+

Top non-repeatable levels by time:
     D:1: 1022 daAuts
     D:2: 806 daAuts
     D:3: 461 daAuts
